 Dungeon Crawl Stone Soup version 0.18-a0-1267-gff090c1 (webtiles) character file.

27 RedPan the Shooter (level 2, -3/23 HPs)
             Began as a Minotaur Arcane Marksman on Feb 7, 2016.
             Slain by a goblin
             ... wielding a +0 dagger of electrocution
              (12 damage)
             ... on level 2 of the Dungeon.
             The game lasted 00:02:35 (1013 turns).

RedPan the Shooter (Minotaur Arcane Marksman)       Turns: 1013, Time: 00:02:54

Health: -3/23      AC:  2    Str: 15    XL:     2   Next: 93%
Magic:  2/2        EV: 12    Int: 10    God:
Gold:   42         SH:  0    Dex:  9    Spells: 1 memorised, 2 levels left

rFire  . . .     SeeInvis .     a - +0 shortbow
rCold  . . .     Gourm    .     b - +0 robe
rNeg   . . .     Faith    .     (shield currently unavailable)
rPois  .         Spirit   .     (helmet restricted)
rElec  .         Dismiss  .     (no cloak)
rCorr  .         Reflect  .     (no gloves)
SustAt .         Harm     .     (no boots)
MR     .....                    (no amulet)
Stlth  +.........               (no ring)
                                (no ring)

@: not resistant to hostile enchantments, very unstealthy
A: retaliatory headbutt, horns 2
a: no special abilities


You were on level 2 of the Dungeon.
You were not hungry.

You visited 1 branch of the dungeon, and saw 2 of its levels.

You collected 42 gold pieces.

Inventory:

Hand Weapons
 a - a +0 shortbow (weapon)
Missiles
 d - 15 arrows (quivered)
Armour
 b - a +0 robe (worn)
Jewellery
 k - an uncursed amulet of dismissal
Scrolls
 e - a scroll of identify {unknown}
 g - 2 scrolls of remove curse {unknown}
 h - a scroll of fog {unknown}
 n - a scroll of blinking {unknown}
Potions
 j - a potion of ambrosia {unknown}
 m - a potion of heal wounds {unknown}
Books
 c - a book of Debilitation

   Spells                             Type                      Level
   a - Corona                         Hexes                        1
   b - Slow                           Hexes                        2
   c - Gell's Gravitas                Hexes/Translocation          3
   d - Inner Flame                    Hexes/Fire                   3
   e - Cause Fear                     Hexes                        4
   f - Leda's Liquefaction            Hexes/Earth                  4
Comestibles
 f - a bread ration
 i - a royal jelly
 l - a chunk of flesh


   Skills:
 - Level 1.2 Fighting
 + Level 3.8 Bows
 - Level 2.1 Dodging
 - Level 1.0 Spellcasting
 - Level 2.0 Hexes


You had 2 spell levels left.
You knew the following spells:

 Your Spells              Type           Power        Failure   Level  Hunger
a - Corona                Hex            #......      17%         1    ##.....


Dungeon Overview and Level Annotations

Branches:
Dungeon (2/15)

Altars:
Nemelex Xobeh

Annotations:
D:2 Sigmund


Innate Abilities, Weirdness & Mutations

You reflexively headbutt those who attack you in melee.
You have a pair of horns on your head.


Message History

Aim: a goblin, wielding a dagger of electrocution You shoot an arrow.
The arrow closely misses the goblin.
Firing (i - inventory):
d - 17 arrows (quivered)
Press: ? - help, Shift-Dir - straight line, f/p - goblin
Aim: a goblin, wielding a dagger of electrocution You shoot an arrow.
The arrow misses the goblin.
The goblin hits you with a dagger of electrocution.
You are electrocuted!
Sigmund the Dreaded comes into view.
He is wielding a scythe.
Firing (i - inventory):
d - 16 arrows (quivered)
Press: ? - help, Shift-Dir - straight line, f/p - goblin
Aim: a goblin, wielding a dagger of electrocution You shoot an arrow.
The arrow hits the goblin but does no damage.
Sigmund breathes a few words.
Sigmund's hands start flickering wildly.
The goblin hits you with a dagger of electrocution.
You are electrocuted!
Ouch! That really hurt!
You die...

#
#(#######
##(@.(...
......g.#
#@# #.#
#.#
###.#####
#.......#
#.#####.#
..# #.#
#.# ...
#####.#
#.# #.#
...#.#
#.#


You could see Sigmund and a goblin.

Vanquished Creatures
  A giant gecko (D:1)
  7 goblins (D:1)
  2 hobgoblins (D:1)
  2 jackals (D:1)
  5 bats (D:1)
  A giant newt (D:1)
  3 kobolds (D:1)
  3 rats (D:1)
24 creatures vanquished.

Notes
Turn   | Place    | Note
--------------------------------------------------------------
     0 | D:1      | RedPan the Minotaur Arcane Marksman began the quest for the Orb.
     0 | D:1      | Reached XP level 1. HP: 16/16 MP: 1/1
    66 | D:1      | Reached skill level 3 in Bows
   256 | D:1      | Reached XP level 2. HP: 23/23 MP: 2/2
   453 | D:1      | Found a sparkling altar of Nemelex Xobeh.
  1013 | D:2      | Noticed Sigmund
  1013 | D:2      | Slain by a goblin

Vault maps used:
D:1:      minmay_arrival_up_and_down, nemelex_diamond_rough_becter
D:2:      uniq_iyjb, uniq_robin, uniq_sigmund

Action                   || total
-------------------------++-------
 Fire: Shortbow          ||    75
